 Dungeon Crawl Stone Soup version 0.22-a0-149-g870e420 (webtiles) character file.

3093 mhoghedin the Destroyer (level 9, -8/70 HPs)
             Began as a Pale Draconian Conjurer on Feb 7, 2018.
             Was an Initiate of Ashenzari.
             Mangled by a two-headed ogre
             ... wielding a +0 dire flail
              (16 damage)
             ... on level 7 of the Dungeon.
             The game lasted 00:17:03 (7877 turns).

mhoghedin the Destroyer (Pale Draconian Conjurer)   Turns: 7877, Time: 00:17:04

Health: -8/70      AC:  7    Str: 11    XL:     9   Next: 59%
Magic:  5/19       EV: 15    Int: 19    God:    Ashenzari [......]
Gold:   431        SH:  0    Dex: 11    Spells: 7/21 levels left

rFire    . . .     SeeInvis .   i - +2 dagger (venom)
rCold    . . .     Gourm    .   (no shield)
rNeg     . . .     Faith    .   (armour unavailable)
rPois    +         Spirit   .   (helmet restricted)
rElec    .         Reflect  .   (no cloak)
rCorr    .         Harm     .   (no gloves)
MR       .....                  (no boots)
Stlth    ++........             j - amulet of rage (curse) {+Rage, !d}
HPRegen  0.21/turn              d - +2 ring of evasion (curse)
MPRegen  0.16/turn              r - ring of poison resistance (curse) {rPois, !d}

@: no status effects
A: breathe steam, unfitting armour, cold-blooded, AC +7
a: Breathe Steam, Curse Item, Renounce Religion, Evoke Berserk Rage


You were on level 7 of the Dungeon.
You worshipped Ashenzari.
Ashenzari was noncommittal.
You were not hungry.

You visited 2 branches of the dungeon, and saw 9 of its levels.

You collected 431 gold pieces.

Inventory:

Hand Weapons
 i - a +2 dagger of venom (weapon)
   (You took it off an orc wizard on level 3 of the Dungeon)
Armour
 v - a +0 pair of boots
   (You found it on level 6 of the Dungeon)
Jewellery
 d - a cursed +2 ring of evasion (left hand)
   (You found it on level 1 of the Dungeon)
 j - a cursed amulet of rage (around neck) {+Rage, !d}
   (You found it on level 3 of the Dungeon)
 r - a cursed ring of poison resistance (right hand) {rPois, !d}
   (You found it on level 4 of the Dungeon)
Scrolls
 c - 2 scrolls of random uselessness {unknown}
 f - 2 scrolls of amnesia {unknown}
 g - 2 scrolls of immolation {unknown}
 l - 4 scrolls of remove curse
 m - a scroll of magic mapping {unknown}
 p - 2 scrolls of fog
 q - a scroll of teleportation {unknown}
 s - 2 scrolls of enchant armour {unknown}
 t - a scroll of enchant weapon
 y - a scroll of fear
Potions
 e - a potion of resistance
 h - a potion of lignification {unknown}
 k - a potion of berserk rage {!q}
 n - a potion of ambrosia
 o - a potion of invisibility
 u - 2 potions of curing
 w - a potion of flight {unknown}
 x - a potion of might {unknown}
Books
 a - a book of Conjurations
Comestibles
 b - 11 rations


   Skills:
 + Level 3.5 Fighting
 + Level 3.6 Dodging
 - Level 1.7 Stealth
 - Level 6.8 Spellcasting
 - Level 8.2 Conjurations
 - Level 5.7 Hexes
 + Level 3.5 Evocations


You had 7 spell levels left.
You knew the following spells:

 Your Spells              Type           Power        Failure   Level  Hunger
a - Magic Dart            Conj           ####         1%          1    None
b - Searing Ray           Conj           #####.       1%          2    None
c - Dazzling Spray        Conj/Hex       ####..       1%          3    #......
d - Fulminant Prism       Conj/Hex       ####......   5%          4    ###....
x - Iskenderun's Mystic   Conj           #####...     3%          4    ###....


Dungeon Overview and Level Annotations

Branches:
Dungeon (8/15)             Temple (1/1) D:6
   Lair: D:8-11

Altars:
Ashenzari
Cheibriados
Dithmenos
Elyvilon
Hepliaklqana
Kikubaaqudgha
Nemelex Xobeh
Qazlal
Ru
Sif Muna
Trog
Uskayaw
Xom
Zin


Innate Abilities, Weirdness & Mutations

You can breathe blasts of scalding, opaque steam.
Your pale cyan-grey scales are hard. (AC +7)
You cannot fit into any form of body armour.
You are cold-blooded and may be slowed by cold attacks.


Message History

The killer bee stings you.
You miss the killer bee. The killer bee stings you.
The killer bee completely misses you.
You take 2 damage, and have 58/70 hp.
You miss the killer bee. The killer bee closely misses you. x2
You closely miss the killer bee. The killer bee barely misses you.
The killer bee stings you.
You hit the killer bee but do no damage.
The killer bee is poisoned.
The killer bee barely misses you. The killer bee closely misses you.
You take 5 damage, and have 53/70 hp.
You hit the killer bee.
The killer bee looks as sick as possible!
The killer bee stings you but does no damage.
The killer bee completely misses you.
You completely miss the killer bee.
You kill the killer bee!
No target in view!
No target in view!
No target in view!
No target in view!
No target in view!
No target in view!
No target in view!
You see here a killer bee corpse.
You start resting.
Health restored: 70; MP restored: 19
There is a stone staircase leading down here.
There is a stone staircase leading down here.
You climb downwards.
There is a stone staircase leading up here.
You open the door.
An orc comes into view. It is wielding a dagger.
The orc shouts!
An orc is nearby!
Found an escape hatch in the ceiling.
An orc wizard comes into view. It is wielding a dagger.
There is an open door here.
The orc completely misses you.
A two-headed ogre comes into view.
It is wielding a dire flail and a giant club.
The two-headed ogre shouts in stereo!
You hit the orc. The orc closely misses you.
You hit the orc.
You kill the orc!
The spray of energy hits the orc wizard.
The orc wizard is dazzled.
The spray of energy hits the two-headed ogre.
The two-headed ogre is dazzled.
The orc wizard casts a spell.
The orc wizard seems to speed up.
You now have 16/19 mp.
Okay, then.
Unknown command.
You conjure a prism of explosive energy!
You now have 12/19 mp.
Your fulminant prism crackles loudly.
There is an open door here.
The orc wizard casts a spell at you. The magic dart hits you!
The orc wizard points at you and mumbles some strange words.
You easily resist.
The blast of energy engulfs the orc wizard.
You kill the orc wizard!
The blast of energy engulfs the two-headed ogre.
The killer bee buzzes angrily.
You hear a shout!
You hear an angry buzzing noise.
You take 5 damage, and have 65/70 hp.
Aim: a killer bee The spray of energy hits the killer bee.
The killer bee is dazzled.
The spray of energy hits the two-headed ogre.
The killer bee barely misses you.
You now have 10/19 mp.
The killer bee is no longer blind.
There is a stone staircase leading up here.
You can't go down here!
The two-headed ogre hits you with a dire flail!
The two-headed ogre hits you with a giant club!
You climb upwards.
There is a stone staircase leading down here.
You take 25 damage, and have 42/70 hp.
MASSIVE DAMAGE!!
Unknown command.
Aim: a two-headed ogre, wielding a dire flail and a giant club (lightly wounded)
The spray of energy hits the two-headed ogre.
The two-headed ogre hits you with a dire flail.
The two-headed ogre hits you with a giant club!!
* * * LOW HITPOINT WARNING * * *
You take 31 damage, and have 11/70 hp.
MASSIVE DAMAGE!!
You now have 8/19 mp.
Aim: a two-headed ogre, wielding a dire flail and a giant club (moderately wounded)
The spray of energy hits the two-headed ogre.
The two-headed ogre barely misses you.
The two-headed ogre completely misses you.
You now have 5/19 mp.
The two-headed ogre hits you with a dire flail.
* * * LOW HITPOINT WARNING * * *
The two-headed ogre hits you with a giant club!
You die...

############## #######
#.......)....# #.....#
#.##########.# #.###.# #.# #.#
#.# #.# ##.##########.# #.#
#.#####.............# #.#
#........#########..# #.#
#.....O.###### #..# #.#
#....@>......# #..#
########.####..########.# #..#
.....................<..#####..#
..(........................>#..##
#########.###..########.##.#....#
#.# #..#........#.###.#.#
#########.# #..#.######..###.....
..........# #.#..## ###.###.#..
########### #.....########.#..#..


You could see a two-headed ogre.

Vanquished Creatures
  Pikel (D:6)
  The ghost of kal9871 the Nimble, a novice SpBe of Trog (D:7)
  The ghost of mhoghedin the Sneak, a novice KoWz of Cheibriados (D:6)
  Sigmund (D:3)
  Eustachio (D:6)
  2 black bears (D:7)
  4 slaves (D:6)
  2 phantoms
  3 ogres
  A centaur (D:6)
  2 bullfrogs
  2 killer bees
  3 wights (D:8)
  2 howler monkeys (D:4)
  A bullfrog zombie (D:5)
  2 crimson imps
  A hound (D:7)
  2 orc priests
  A bullfrog skeleton (D:5)
  2 centaur skeletons
  An iguana (D:4)
  4 orc wizards
  2 worker ants
  A hound skeleton (D:4)
  A worker ant zombie (D:8)
  8 adders
  An adder zombie (D:5)
  4 worms
  4 dart slugs
  3 leopard geckos
  11 orcs
  2 giant cockroaches
  4 goblins
  7 hobgoblins
  6 jackals
  3 ball pythons
  A ball python skeleton (D:6)
  3 bats (D:2)
  4 frilled lizards
  A jackal skeleton (D:7)
  9 kobolds
  6 rats
121 creatures vanquished.

Vanquished Creatures (others)
  5 fulminant prisms
5 creatures vanquished.

Grand Total: 126 creatures vanquished

Notes
Turn   | Place    | Note
-------+----------+-------------------------------------------
     0 | D:1      | mhoghedin the Draconian Conjurer began the quest for the Orb.
     0 | D:1      | Reached XP level 1. HP: 14/14 MP: 3/3
   343 | D:1      | Reached XP level 2. HP: 19/20 MP: 5/5
   357 | D:1      | Learned a level 2 spell: Searing Ray
   625 | D:1      | You fall through a shaft!
   926 | D:2      | Reached XP level 3. HP: 26/26 MP: 4/7
   939 | D:2      | HP: 6/26 [orc/spear (1)]
  1905 | D:2      | Reached skill level 3 in Spellcasting
  1928 | D:2      | Learned a level 3 spell: Dazzling Spray
  2212 | D:2      | Reached skill level 5 in Conjurations
  2212 | D:2      | Reached XP level 4. HP: 26/33 MP: 3/8
  2837 | D:3      | Noticed Sigmund
  2879 | D:3      | Killed Sigmund
  2879 | D:3      | Reached skill level 4 in Spellcasting
  2879 | D:3      | Reached skill level 1 in Hexes
  2879 | D:3      | Reached XP level 5. HP: 38/38 MP: 1/11
  2879 | D:3      | Reached XP level 6. HP: 45/45 MP: 1/12
  2985 | D:3      | Learned a level 4 spell: Iskenderun's Mystic Blast
  3083 | D:3      | Reached skill level 2 in Hexes
  3089 | D:3      | HP: 16/67 [orc priest/short sword (6)]
  3835 | D:4      | Reached skill level 6 in Conjurations
  4032 | D:4      | Reached skill level 3 in Hexes
  4032 | D:4      | Your scales start taking on a pale cyan-grey colour.
  4032 | D:4      | Reached XP level 7. HP: 41/50 MP: 6/14
  4426 | D:4      | Reached skill level 5 in Spellcasting
  4435 | D:4      | Learned a level 4 spell: Fulminant Prism
  4668 | D:5      | Entered Level 5 of the Dungeon
  5082 | D:5      | Reached skill level 4 in Hexes
  5187 | D:5      | Reached XP level 8. HP: 57/57 MP: 16/16
  5204 | D:5      | Reached skill level 7 in Conjurations
  5460 | D:6      | Found a staircase to the Ecumenical Temple.
  5502 | Temple   | Entered the Ecumenical Temple
  5507 | Temple   | Became a worshipper of Ashenzari the Shackled
  5649 | D:6      | Noticed mhoghedin's ghost (novice KoWz)
  5660 | D:6      | Killed mhoghedin's ghost
  5660 | D:6      | Reached skill level 6 in Spellcasting
  6156 | D:6      | Noticed Eustachio
  6170 | D:6      | Reached skill level 5 in Hexes
  6226 | D:6      | Killed Eustachio
  6351 | D:6      | Noticed Pikel
  6365 | D:6      | Killed Pikel
  6365 | D:6      | Reached skill level 8 in Conjurations
  6365 | D:6      | Reached XP level 9. HP: 27/62 MP: 11/19
  7060 | D:7      | Noticed kal9871's ghost (novice SpBe)
  7068 | D:7      | Reached skill level 1 in Fighting
  7068 | D:7      | Reached skill level 2 in Dodging
  7068 | D:7      | Reached skill level 1 in Evocations
  7075 | D:7      | Killed kal9871's ghost
  7075 | D:7      | Reached skill level 2 in Fighting
  7075 | D:7      | Reached skill level 2 in Evocations
  7203 | D:7      | Reached skill level 3 in Dodging
  7487 | D:8      | Reached skill level 3 in Fighting
  7487 | D:8      | Reached skill level 3 in Evocations
  7858 | D:8      | Noticed a two-headed ogre
  7875 | D:7      | HP: 11/70 [two-headed ogre/dire flail (25)]
  7877 | D:7      | Mangled by a two-headed ogre

Vault maps used:
D:1:      eino_arrival_cavern_b, st_stairs_6
D:2:      first_ration, minmay_misc_feat_tower, minivault_4
D:3:      lemuel_upstairs_altar, kennysheep_boxes, uniq_sigmund
D:6:      minmay_temple_entry_junction, grunt_decor_mini_mirrors,
          uniq_eustachio, uniq_pikel
D:8:      fiery_altar_vehumet
Temple:   dpeg_three_leaves_temple

Skill      XL: |  1  2  3  4  5  6  7  8  9 |
---------------+----------------------------+-----
Spellcasting   | 3 4 5 6 |  6.8
Conjurations   | 5 6 8 |  8.2
Hexes          | 1 3 4 5 |  5.7
Fighting       | 3 |  3.5
Dodging        | 3 |  3.6
Evocations     | 3 |  3.5
Stealth        | |  1.7

Action                   |  1- 3 |  4- 6 |  7- 9 || total
-------------------------+-------+-------+-------++-------
Melee: Hand axe          |    93 |    48 |       ||   141
       Tailslap          |     7 |     9 |    14 ||    30
       Dagger            |       |    44 |   170 ||   214
 Cast: Magic Dart        |    22 |     3 |     4 ||    29
       Searing Ray       |     9 |    11 |    14 ||    34
       Dazzling Spray    |       |     2 |     6 ||     8
       Fulminant Prism   |       |       |     5 ||     5
Invok: Curse Item        |       |       |     3 ||     3
 Abil: Evoke Berserk Rag |       |     3 |       ||     3
       Breathe Steam     |       |       |    15 ||    15
  Use: Scroll            |     3 |       |     5 ||     8
       Potion            |     1 |     1 |       ||     2
 Stab: Sleeping          |     3 |     1 |     1 ||     5
       Invisible         |       |     1 |       ||     1
  Eat: Chunk             |     2 |     8 |     6 ||    16
       Ration            |     1 |       |     3 ||     4
Armor: Skin              |    27 |    31 |    50 ||   108
Dodge: Dodged            |   103 |   110 |   147 ||   360

Table legend:
 A = Spawn XP
 B = Non-spawn XP
 C = Spawn XP percentage of total XP
 D = Spawn monster count
 E = Non-spawn monster count
 F = Spawn count percentage of total count
 G = Total turns spent on level
                    A         B        C        D         E        F      G
               +---------+---------+-------+---------+---------+-------+---------
         Total |       0 |    4419 |   0.0 |       0 |     117 |   0.0 |  7877
               +---------+---------+-------+---------+---------+-------+---------
           D:1 |       0 |      17 |   0.0 |       0 |      11 |   0.0 |  1324
           D:2 |       0 |     126 |   0.0 |       0 |      31 |   0.0 |  1301
           D:3 |       0 |     432 |   0.0 |       0 |      23 |   0.0 |  1082
           D:4 |       0 |     450 |   0.0 |       0 |      10 |   0.0 |   961
           D:5 |       0 |     520 |   0.0 |       0 |      17 |   0.0 |   752
           D:6 |       0 |    1503 |   0.0 |       0 |      10 |   0.0 |  1381
           D:7 |       0 |     983 |   0.0 |       0 |       7 |   0.0 |   776
           D:8 |       0 |     388 |   0.0 |       0 |       8 |   0.0 |   287
               +---------+---------+-------+---------+---------+-------+---------

Vault maps used:
D:1:      eino_arrival_cavern_b, st_stairs_6
D:2:      first_ration, minmay_misc_feat_tower, minivault_4
D:3:      lemuel_upstairs_altar, kennysheep_boxes, uniq_sigmund
D:6:      minmay_temple_entry_junction, grunt_decor_mini_mirrors,
          uniq_eustachio, uniq_pikel
D:8:      fiery_altar_vehumet
Temple:   dpeg_three_leaves_temple

Table legend:
 A = Turns spent in this place as a percentage of turns spent in the entire game.
 B = Non-inter-level travel turns spent in this place as a percentage of non-inter-level travel turns spent in the entire game.
 C = Inter-level travel turns spent in this place as a percentage of turns spent in this place.
 D = Turns resting spent in this place as a percentage of non-inter-level travel turns spent in this place.
 E = Turns spent auto-exploring this place as a percentage of non-inter-level travel turns spent in this place.
 F = Non-inter-level travel turns spent in this place divided by the number of levels of this place that you've seen.
                   A       B       C       D       E      F
               +-------+-------+-------+-------+-------+----------------------
         Total | 100.0 | 100.0 |   3.7 |  33.1 |  48.4 | 843.2
       Dungeon |  99.8 |  99.8 |   3.7 |  33.2 |  48.5 | 947.0
        Temple |   0.2 |   0.2 |   0.0 |   0.0 |   0.0 |  13.0
               +-------+-------+-------+-------+-------+----------------------

Table legend:
 A = Kills in this place as a percentage of kills in entire the game.
 B = Kills by you in this place as a percentage of kills by you in the entire game.
 C = Kills by friends in this place as a percentage of kills by friends in the entire game.
 D = Other kills in this place as a percentage of other kills in the entire game.
 E = Experience gained in this place as a percentage of experience gained in the entire game.
 F = Experience gained in this place divided by the number of levels of this place that you have seen.
                   A       B       C       D       E      F
               +-------+-------+-------+-------+-------+----------------------
         Total | 100.0 | 100.0 |   N/A |   N/A | 100.0 | 491.0
       Dungeon | 100.0 | 100.0 |   N/A |   N/A | 100.0 | 552.4
               +-------+-------+-------+-------+-------+----------------------
